 Dungeon Crawl Stone Soup version 0.18.1-2-ga659475 (webtiles) character file.

94 HungrySpirit the Chiller (level 4, -1/34 HPs)
             Began as a Formicid Ice Elementalist on May 8, 2016.
             Killed from afar by a dart slug (4 damage)
             ... with a slug dart
             ... on level 2 of the Dungeon.
             The game lasted 00:05:34 (2487 turns).

HungrySpirit the Chiller (FoIE)                     Turns: 2487, Time: 00:05:35

Health: -1/34      AC:  3    Str: 13    XL:     4   Next: 94%
Magic:  3/7        EV: 11    Int: 15    God:
Gold:   48         SH:  0    Dex: 11    Spells: 1 memorised, 6 levels left

rFire  . . .     SeeInvis +     e - +0 short sword
rCold  . . .     Gourm    .     g - +0 leather armour
rNeg   . . .     Faith    .     (no shield)
rPois  .         Spirit   .     (helmet unavailable)
rElec  .         Dismiss  .     (no cloak)
rCorr  .         Reflect  .     (no gloves)
SustAt .         Harm     .     (no boots)
MR     .....                    (no amulet)
Stlth  +.........               (no ring)
                                (no ring)

@: very slightly contaminated, drained, not resistant to hostile enchantments,
very unstealthy
A: permanent stasis, dig shafts and tunnels, four strong arms, antennae 3
a: Dig, Shaft Self


You were on level 2 of the Dungeon.
You were not hungry.

You visited 1 branch of the dungeon, and saw 2 of its levels.

You collected 48 gold pieces.

Inventory:

Hand Weapons
 e - a +0 short sword (weapon)
Armour
 g - a +0 leather armour (worn)
Jewellery
 k - an uncursed amulet of harm
Scrolls
 a - a scroll of amnesia {unknown}
 d - a scroll of noise {unknown}
 f - a scroll of identify
Potions
 h - a potion of brilliance
 j - a potion of invisibility {unknown}
Books
 b - a book of Frost

   Spells                             Type                      Level
   a - Freeze                         Ice                          1
   b - Throw Frost                    Conjuration/Ice              2
   c - Ozocubu's Armour               Charms/Ice                   3
   d - Throw Icicle                   Conjuration/Ice              4
   e - Summon Ice Beast               Ice/Summoning                4
Comestibles
 c - 3 bread rations
 i - a slice of pizza


   Skills:
 + Level 2.6(1.7) Fighting
 * Level 2.8(1.8) Short Blades
 - Level 1.7(0.8) Dodging
 - Level 2.4(1.5) Stealth
 - Level 2.1(1.2) Spellcasting
   Level 0.8(0.0) Conjurations
 - Level 3.2(2.3) Ice Magic


You had 6 spell levels left.
You knew the following spells:

 Your Spells              Type           Power        Failure   Level  Hunger
a - Freeze                Ice            #...         14%         1    ##.....


Dungeon Overview and Level Annotations

Branches:
Dungeon (2/15)

Altars:

Annotations:
D:2 Sigmund


Innate Abilities, Weirdness & Mutations

You are under a permanent stasis effect.
You can dig through walls and to a lower floor.
Your four strong arms can wield two-handed weapons with a shield.
You have a pair of large antennae on your head (SInv).


Message History

Casting: Freeze
Confirm with . or Enter, or press ? or * to list all spells.
Aiming: Freeze
Press: ? - help, Shift-Dir - straight line, f/p - Sigmund
Aim: Sigmund, wielding a scythe and wearing a robe (slightly transparent)
You freeze Sigmund.
Sigmund is lightly wounded.
The dart slug bites you.
* * * LOW HITPOINT WARNING * * *
Read which item? (? for menu, Esc to quit)
As you read the scroll labeled QANARE YDEVY, it crumbles to dust.
It is a scroll of identify.
Identify which item? (\ to view known items) (? for menu, Esc to quit)
h - a potion of brilliance Sigmund casts a spell at you.
The magic dart hits you!
* * * LOW HITPOINT WARNING * * *
The dart slug launches a dart at you. The slug dart hits you!
You die...

#
##..##..##........###..
# ##..........#......#
####..#...######......#
#........#######......#
..#............#......#
...............#......#.
.....##......?..........
###..##.........w@....##
###.###.#####.#.@.....#
......................#
....#.#######...####....
#(###.# ##..# ..# ..#
#.# ####..###g...#
.####.# #.(.....g..# .#
#..# #.....## .# .###)##
#.....## .# ..#..#
###...>..###.###


You could see Sigmund (invisible) and a dart slug.

Vanquished Creatures
  Robin (D:2)
  2 adders (D:2)
  A giant gecko (D:1)
  3 giant cockroaches
  17 goblins
  8 hobgoblins
  3 jackals (D:2)
  7 kobolds
  A quokka (D:2)
  A ball python (D:2)
  7 bats
  3 giant newts
  4 rats
58 creatures vanquished.

Notes
Turn   | Place    | Note
--------------------------------------------------------------
     0 | D:1      | HungrySpirit the Formicid Ice Elementalist began the quest for the Orb.
     0 | D:1      | Reached XP level 1. HP: 13/13 MP: 3/3
   292 | D:1      | Reached XP level 2. HP: 3/20 MP: 0/5
   313 | D:1      | HP: 1/20 [giant cockroach (1)]
   325 | D:1      | Reached skill level 1 in Fighting
   693 | D:1      | Reached skill level 1 in Short Blades
   902 | D:1      | Reached XP level 3. HP: 5/26 MP: 2/6
  1378 | D:2      | Reached XP level 4. HP: 32/33 MP: 2/7
  1466 | D:2      | Noticed Sigmund
  1718 | D:2      | Noticed Robin
  2155 | D:2      | Killed Robin
  2487 | D:2      | Killed from afar by a dart slug

Skill      XL: |  1  2  3 |
---------------+----------+-----
Fighting       | 1 2 |  2.6
Short Blades   | 1 2 |  2.8
Dodging        | |  1.7
Stealth        | |  2.4
Spellcasting   | |  2.1
Conjurations   | |  0.8
Ice Magic      | |  3.2

Action                   |  1- 3 |  4- 6 || total
-------------------------+-------+-------++-------
Melee: Short sword       |    93 |    98 ||   191
       Unarmed           |     8 |       ||     8
 Cast: Freeze            |    19 |    10 ||    29
  Use: Scroll            |       |     1 ||     1
 Stab: Sleeping          |     1 |       ||     1
  Eat: Chunk             |     2 |     4 ||     6
Armor: Robe              |     6 |       ||     6
       Leather armour    |    39 |    27 ||    66
Dodge: Dodged            |    82 |    81 ||   163
